 Dungeon Crawl Stone Soup version 0.30.0-20-g3b4254fcbd (webtiles) character file.

Game seed: 672021736984729516

931 hawla the Magician (level 7, 0/36 HPs)
             Began as a Deep Elf Fire Elementalist on June 2, 2023.
             Was an Initiate of Vehumet.
             Slain by a centaur (5 damage)
             ... on level 6 of the Dungeon.
             The game lasted 00:18:35 (5850 turns).

hawla the Magician (Deep Elf Fire Elementalist)     Turns: 5850, Time: 00:18:36

Health: 0/36       AC:  6    Str:  5    XL:     7   Next: 86%
Magic:  10/18      EV: 13    Int: 22    God:    Vehumet [......]
Gold:   233        SH:  0    Dex: 15    Spells: 9/19 levels left

rFire   . . .        (no weapon)
rCold   . . .        (no shield)
rNeg    . . .        a - +0 robe
rPois   .            u - +0 helmet
rElec   .            v - +0 cloak
rCorr   .            s - +0 pair of gloves
SInv    .            q - +0 pair of boots
Will    .....        (no amulet)
Stlth   ++           (no ring)
HPRegen 0.26/turn    (no ring)
MPRegen 0.16/turn

%: no passive effects
@: brilliant
A: no striking features
a: Renounce Religion


You were on level 6 of the Dungeon.
You worshipped Vehumet.
Vehumet was noncommittal.
You visited 2 branches of the dungeon, and saw 7 of its levels.

You collected 298 gold pieces.
You spent 65 gold pieces at shops.

Inventory:

Armour
 a - a +0 robe (worn)
 q - a +0 pair of boots (worn)
 s - a +0 pair of gloves (worn)
 u - a +0 helmet (worn)
 v - a +0 cloak (worn)
Wands
 y - a wand of roots (10) (quivered)
Scrolls
 c - a scroll of vulnerability {unknown}
 d - 4 scrolls of silence
 e - a scroll of magic mapping
 f - a scroll of poison
 g - a scroll of fear {unknown}
 h - 8 scrolls of identify
 k - a scroll of brand weapon {unknown}
 n - a scroll of enchant weapon {unknown}
 p - 4 scrolls of blinking {unknown}
 r - 2 scrolls of teleportation {unknown}
 w - a scroll of amnesia {unknown}
 x - 2 scrolls of immolation {unknown}
Potions
 b - 2 potions of magic
 i - a potion of brilliance
 j - 2 potions of curing {unknown}
 l - 4 potions of haste {unknown}
 m - 2 potions of berserk rage {unknown}
 o - 3 potions of heal wounds {unknown}
 t - a potion of lignification {unknown}


   Skills:
 + Level 0.1 Fighting
 + Level 3.2 Dodging
 - Level 3.0 Stealth
 + Level 6.5 Spellcasting
 + Level 5.6 Conjurations
 + Level 5.9 Fire Magic
 + Level 3.0 Evocations


You had 9 spell levels left.
You knew the following spells:

 Your Spells              Type           Power      Damage    Failure   Level
a - Foxfire               Conj/Fire      100%       2x1d9     1%          1
b - Scorch                Fire           98%        2d9       1%          2
c - Flame Wave            Conj/Fire      48%        2d12      9%          4
d - Blink                 Tloc           20%        N/A       13%         2
e - Apportation           Tloc           20%        N/A       9%          1

Your spell library contained the following spells:

 Spells                   Type           Power      Damage    Failure   Level
 Momentum Strike          Conj/Tloc      58%        3d9       4%          2
 Inner Flame              Hex/Fire       30%        N/A       8%          3
 Volatile Blastmotes      Fire/Tloc      60%        2d15      8%          3
 Necrotise                Necr           40%        1d6       9%          1
 Summon Small Mammal      Summ           40%        N/A       9%          1
 Lesser Beckoning         Tloc           20%        N/A       13%         2
 Summon Guardian Golem    Hex/Summ       10%        N/A       26%         3
 Petrify                  Tmut/Erth      10%        N/A       65%         4
 Metabolic Englaciation   Hex/Ice        5%         N/A       94%         5
 Statue Form              Tmut/Erth      6%         N/A       100%        6
 Orb of Destruction       Conj           23%        9d8       100%        7
 Spellforged Servitor     Conj/Summ      14%        N/A       100%        7


Dungeon Overview and Level Annotations

Branches:
Dungeon (6/15)             Temple (1/1) D:5

Altars:
Ashenzari
Cheibriados
Dithmenos
Elyvilon
Fedhas
Kikubaaqudgha
Makhleb
Nemelex Xobeh
Okawaru
Qazlal
Ru
Sif Muna
Trog
Uskayaw
Vehumet
Wu Jian
Yredelemnul
The Shining One

Shops:
D:2 ?   D:3 ::

Annotations:
D:5 2 transporters, olmar's ghost, novice AtFi


Message History

Casting: Flame Wave (quite dangerous; 9% risk of failure)
Confirm with . or Enter, or press ? or * to list all spells.
The spell is quite dangerous to miscast (9% risk of failure)!
Continue anyway?
Casting: Flame Wave (quite dangerous; 9% risk of failure)
Press: ? - help, Dir - look around, f - activate A wave of flame ripples out!
The flame wave engulfs the centaur!
The centaur is moderately wounded.
The flame wave engulfs the iguana.
The iguana is lightly wounded.
The flame wave engulfs the sleepcap.
The sleepcap is heavily damaged. (Press . to intensify the flame waves.)
The centaur misses you. The centaur closely misses you.
The centaur hits you but does no damage.
The centaur kicks you but does no damage.
The iguana bites you!
* * * LOW HITPOINT WARNING * * *
The sleepcap releases spores at you but does no damage.
A wave of flame ripples out!
The flame wave engulfs the centaur!
The centaur is severely wounded.
The flame wave engulfs the iguana.
The iguana is moderately wounded.
The flame wave engulfs the sleepcap.
The sleepcap is heavily damaged.
The flame wave engulfs the sleepcap!
The sleepcap is moderately damaged.
The flame wave engulfs the scorpion!
The scorpion is heavily wounded.
The centaur hits you but does no damage.
The centaur misses you.
The sleepcap releases spores at you but does no damage.
The iguana bites you.
* * * LOW HITPOINT WARNING * * *
The sleepcap misses you.
It was a potion of brilliance.
You feel clever all of a sudden. The centaur misses you.
The centaur closely misses you.
The sleepcap releases spores at you but does no damage.
The centaur hits you.
You die...

###...####......#
..#......#..)...####
..'......'......'.>#
..#......#......##.#
..#......#......##.#
..####...#......##.#
...# #...#...#####.#
...# #...#####.c##.#
...# #...# #..sf@..#
...# #####.....lf..#
###.......#
###..##.# ### #.#
#.# #.# .#


You could see 2 sleepcaps, a centaur, a scorpion and an iguana.

Vanquished Creatures
  A sky beast (D:6)
  Pargi (D:4)
  A centaur (D:6)
  An ogre (D:6)
  2 scorpions
  2 hounds (D:4)
  3 iguanas
  Jessica (D:2)
  An orc wizard (D:5)
  Robin (D:4)
  14 adders
  A white imp (D:5)
  An ufetubus (D:3)
  6 worms
  2 dart slugs
  13 orcs
  7 ball pythons
  7 bats
  7 endoplasms
  A giant cockroach (D:3)
  18 goblins
  9 hobgoblins
  2 jackals (D:2)
  5 kobolds
  3 quokkas
  8 frilled lizards
  7 rats
125 creatures vanquished.

Vanquished Creatures (others)
  275 foxfires
275 creatures vanquished.

Grand Total: 400 creatures vanquished

Notes
Turn   | Place    | Note
-------+----------+-------------------------------------------
     0 | D:1      | hawla the Deep Elf Fire Elementalist began the quest for
                  | the Orb.
     0 | D:1      | Reached XP level 1. HP: 10/10 MP: 6/6
   163 | D:1      | Reached XP level 2. HP: 15/15 MP: 5/8
   198 | D:1      | Learned a level 2 spell: Scorch
   766 | D:2      | Reached XP level 3. HP: 19/19 MP: 2/9
  1233 | D:2      | Found Fefyv's Magic Scroll Emporium.
  1242 | D:2      | Bought a scroll of noise for 13 gold pieces
  1395 | D:2      | Reached XP level 4. HP: 24/24 MP: 8/11
  1400 | D:2      | Learned a level 4 spell: Flame Wave
  1592 | D:2      | Noticed Jessica
  1596 | D:2      | Killed Jessica
  2044 | D:2      | Bought a scroll of identify for 26 gold pieces
  2044 | D:2      | Bought a scroll of identify for 26 gold pieces
  2096 | D:3      | Found a blossoming altar of Fedhas.
  2119 | D:3      | Found a shimmering blue altar of Sif Muna.
  2127 | D:3      | Found a glowing golden altar of the Shining One.
  2127 | D:3      | Found a stormy altar of Qazlal.
  2134 | D:3      | Found a hide-covered altar of Uskayaw.
  2247 | D:3      | Found a shadowy altar of Dithmenos.
  2367 | D:3      | Found Ketoama's Vocational Training.
  2381 | D:3      | Reached XP level 5. HP: 28/28 MP: 5/12
  2722 | D:3      | Found Teneig's Book Emporium.
  2938 | D:4      | Reached skill level 4 in Spellcasting
  3055 | D:4      | Noticed Robin
  3058 | D:4      | Noticed Pargi
  3291 | D:4      | Reached XP level 6. HP: 32/32 MP: 2/14
  3478 | D:4      | Killed Robin
  3691 | D:4      | Killed Pargi
  3692 | D:4      | Reached skill level 5 in Conjurations
  3835 | D:4      | Reached skill level 5 in Spellcasting
  3889 | D:4      | Found a burning altar of Makhleb.
  4052 | D:5      | Entered Level 5 of the Dungeon
  4144 | D:5      | Found an ornate altar of the Wu Jian Council.
  4168 | D:5      | Found a transporter.
  4168 | D:5      | Noticed olmar's ghost (novice AtFi)
  4210 | D:5      | Reached skill level 5 in Fire Magic
  4267 | D:5      | Reached XP level 7. HP: 36/36 MP: 10/17
  4354 | D:5      | Found a staircase to the Ecumenical Temple.
  4374 | Temple   | Entered the Ecumenical Temple
  4548 | Temple   | Became a worshipper of Vehumet
  4580 | D:5      | Found a transporter.
  5494 | D:6      | Learned a level 2 spell: Blink
  5496 | D:6      | Learned a level 1 spell: Apportation
  5623 | D:6      | Reached skill level 6 in Spellcasting
  5850 | D:6      | Slain by a centaur

Illustrated notes

Levels and vault maps discovered:
D:1:      saegor_arrival_miasma, layout_basic
D:2:      kennysheep_big_flooded_room, layout_rooms, serial_shops, shop,
          minmay_lizard_pond, uniq_jessica
D:3:      layout_rooms, nicolae_overflow_hallway_of_the_gods,
          grunt_dithmenos_smoke_and_mirrors, serial_shops, shop,
          nicolae_shop_vocational
D:4:      layout_rooms, makhleb_heckhound_becter, uniq_robin, uniq_pargi
D:5:      layout_layer_cave, mainiacjoe_overflow_chevrons,
          minmay_temple_entry_statues_fountains, gammafunk_ghost_arena
D:6:      minmay_chambers_of_sixes, layout_basic, hellmonk_no_cap
Temple:   hellmonk_temple_flake

Skill      XL: |  1  2  3  4  5  6  7 |
---------------+----------------------+-----
Fire Magic     | 4 5 |  5.9
Conjurations   | 3 4 5 |  5.6
Spellcasting   | 4 5 6 |  6.5
Dodging        | 3 |  3.2
Stealth        | 3 |  3.0
Evocations     | 3 |  3.0
Fighting       | |  0.1

Action                     |  1- 3 |  4- 6 |  7- 9 || total
---------------------------+-------+-------+-------++-------
  Melee: Unarmed           |     1 |    18 |     1 ||    20
         Punch             |       |     1 |       ||     1
   Cast: Foxfire           |    61 |    82 |    25 ||   168
         Scorch            |     7 |    24 |    11 ||    42
         Flame Wave        |       |     9 |     4 ||    13
    Use: Scroll            |     3 |       |       ||     3
         Potion            |       |       |     1 ||     1
 Armour: Robe              |       |    16 |    13 ||    29
  Dodge: Dodged            |     4 |    40 |    12 ||    56
